Map: Pillars of Gold LE

Players

FeEbLeNFraiL - Winner!

  • Race: Protoss Protoss
  • League: Master
  • Spawn Location: 7:00

YumYum

  • Race: Terran Terran
  • League: Diamond
  • Spawn Location: 1:00

VOD

Have the link to the VOD?

Description

Time

  • Played on: Aug. 14, 2020, 7:54 a.m.
  • Length: 4:20
Show
View Real Time Build Order
Export as new Build Order

FeEbLeNFraiL Protoss - Winner!

Build Orders:  

Get SALT Encoding   

  12  0:00  Probe  
  13  0:12  Probe  
  14  0:22  Pylon  
  14  0:30  Probe  
  15  0:41  Gateway  
  15  0:42  Probe  
  16  0:47  Assimilator  
  16  0:54  Probe  
  17  1:00  Pylon  
  17  1:06  Probe  
  18  1:21  Gateway  
  18  1:23  Gateway  
  18  1:36  Cybernetics Core  
  18  1:37  Probe  
  19  1:43  Assimilator  
  19  1:53  Probe  
  20  2:05  Probe  
  21  2:11  Adept (Chrono Boost)  
  21  2:14  Stalker (Chrono Boost)  
  25  2:17  Stalker (Chrono Boost)  
  25  2:21  Probe  
  28  2:32  Pylon  
  28  2:34  Warp Gate (Chrono Boost)  
  28  2:39  Probe  
  28  2:42  Stalker  
  31  2:56  Stalker  
  33  3:07  Stalker  
  35  3:21  Stalker  
  35  3:54  Pylon  
  35  4:04  Pylon  
  35  4:18  Stalker x2  
Show
View Real Time Build Order
Export as new Build Order

YumYum Terran 

Build Orders:  

Get SALT Encoding   

  12  0:00  SCV  
  13  0:12  SCV  
  14  0:19  Supply Depot  
  14  0:24  SCV  
  15  0:41  SCV  
  16  0:42  Barracks  
  16  0:48  Refinery  
  16  0:53  SCV  
  17  1:05  SCV  
  18  1:17  SCV  
  19  1:18  Engineering Bay  
  19  1:30  Orbital Command  
  19  1:33  Supply Depot  
  20  1:40  Reaper  
  19  1:57  SCV  
  20  2:10  Command Center  
  20  2:13  SCV  
  21  2:17  Barracks Reactor  
  21  2:28  Refinery  
  21  2:31  Factory  
  21  2:32  SCV  
  22  2:44  SCV  
  23  2:56  Marine x2, SCV  
  24  3:08  SCV  
  22  3:21  SCV  
  22  3:25  Marine x2, Bunker  
  24  3:33  SCV  
  21  3:45  SCV  
  20  3:52  Marine x2  
  21  3:57  Widow Mine  
Tags
 
Add a new tag
Caveats
  • Supply blocks, unpowered buildings, or Contaminate may cause inaccurate times.
  • Supply counts are checked every 10 seconds.